AoeStats
← 沐灵葵

African Clearing

506079705Analyzed
4v4 RM · 19d ago on Sep 12, 2026· 25m 55s· 8 players
Game mode
Random Map
Map size
Large (8 player)
Population
200
Speed
Normal
Resources
Standard
Victory
Conquest
Starting age
Dark Age
Ending age
Imperial Age
RankedLock teamsTeams togetherTeam positionsShared explorationLock speedFull tech treeHidden civsTurbo modeCheats
Victory
Defeat
🇩🇪 Gurjaras · Germany
942
+13
🇭🇺 Bohemians · Hungary
875
+16
🇩🇪 Magyars · Germany
854
+17
🇨🇳 Byzantines · China
703
+22
🇨🇳 Mongols · China
907
-19
🇮🇹 Magyars · Italy
875
-17
🇨🇳 Burgundians · China
843
-16
🇨🇳 Vietnamese · China
838
-26
小琰
16:43 Feudal Age
知行
15:48 Feudal Age
14:04 Loom
20:01 Castle Age
873108255
4:53 Loom
11:52 Wheelbarrow
13:57 Feudal Age
13:49 Double-Bit Axe
14:03 Horse Collar
17:37 Gold Mining
18:50 Heavy Plow
20:42 Stone Mining
21:32 Gold Shaft Mining
21:29 Bow Saw
22:29 Scale Barding Armor
22:35 Forging
26:37 Castle Age
JOE
3:21 Loom
15:02 Feudal Age
沐灵葵
19:54 Feudal Age
21:17 Wheelbarrow
RtW
10:09 Loom
15:22 Feudal Age
16:00 Man-at-Arms
1318882408
4:41 Loom
16:42 Feudal Age
19:35 Double-Bit Axe
23:09 Castle Age
20:52 Horse Collar
vikovski
7:30 Loom
13:04 Feudal Age
16:03 Double-Bit Axe
20:45 Horse Collar
21:36 Scale Barding Armor
23:20 Bloodlines
26:28 Castle Age
Connection lost

Rejoining the realm…

Still unreachable

The connection could not be restored.

Session expired

The server has moved on; the page needs a fresh start.